Unix xNetHack Version 8.0.0 - last build Jun 13 2023 01:05:28 (4b7ecc64c373f7294607d497be3f7ce1783331ac). Game began 2023-06-18 12:05:14, ended 2023-06-18 12:09:24. Raisse, neutral female gnomish Wizard --- - --.. |.|...-- ---- -- --*...... ...--.-- |....*...-- .......| -.h......-- .......- |.........---........- -.>................. |.....x......^ |.....xGh(- --......<.| ---....--- --.--- -- Raisse the Conjurer St:9 Dx:18 Co:14 In:19 Wi:11 Ch:8 Neutral Dlvl:4 $:21 HP:0(15) Pw:24(31) AC:8 Xp:3/43 T:986 Hungry Latest messages: You see here a blindfold. You see here a gray stone. You see here a blindfold. r - a blindfold {2}. You hear crashing rock. You see here a gray stone. s - a gray stone {10}. What do you want to use or apply? [cdfkors or ?*] Never mind. You strike the grid bug. What do you want to use or apply? [cdfkors or ?*] s What do you want to rub on the stone? [- $ac-hjkm-sCH or ?*] t You don't have that object. What do you want to rub on the stone? [- $ac-hjkm-sCH or ?*] a You see wooden streaks on the stone. The grid bug bites! You avoid harm. You miss the grid bug. The grid bug bites! You get zapped! You kill the grid bug! What do you want to use or apply? [cdfkors or ?*] s What do you want to rub on the stone? [- $ac-hjkm-sCH or ?*] ? "scritch, scritch" What do you want to call? [jnpsH or ?*] s Call a gray stone: touch The gecko bites! You see here an orc corpse. The gecko bites! You kill the gecko! Welcome to experience level 3. You kill the grid bug! You hear crashing rock. You swap places with the peaceful gnome. You descend the stairs. You see here a wooden tin opener. The hobbit wields a dagger! A board beneath the giant rat squeaks a B flat loudly. You miss the gecko. The hobbit thrusts his dagger. The hobbit stabs you! In what direction? h The spell hits the gecko! You kill the gecko! You miss the grid bug. The hobbit thrusts his dagger. The hobbit impales you! You die... Do you want your possessions identified? [ynq] (y) y Do you want to see your attributes? [ynq] (y) q Inventory: Inventory: 394/625 weight (18/52 slots) Coins $ - 21 gold pieces {1} Weapons a - a blessed +1 quarterstaff (weapon in hands) {40} g - 7 blessed +2 darts {7} h - a cursed +0 orcish dagger {10} m - 24 uncursed +0 darts {24} Armor n - an uncursed +0 orcish cloak {10} C - a blessed +0 cloak of magic resistance (being worn) {8} H - an uncursed +0 orcish helm (being worn) {23} Comestibles e - an uncursed food ration {20} q - a cursed food ration named cursed {20} Scrolls p - an uncursed scroll of water {5} Spellbooks c - a blessed spellbook of force bolt {35} d - a blessed spellbook of magic missile {40} f - an uncursed spellbook of clairvoyance {40} k - an uncursed spellbook of haste self {45} o - an uncursed spellbook of protection {35} Potions j - a blessed potion of fruit juice {20} Tools r - an uncursed blindfold {2} Gems/Stones s - an uncursed touchstone {10} Raisse the Wizard's attributes: Background: You were a Conjurer, a level 3 female gnomish Wizard. You were neutral, on a mission for Thoth who was opposed by Ptah (lawful) and Anhur (chaotic). You were bisexual. You were in the Gnomish Mines, on level 4. You entered the dungeon 986 turns ago. There was a new moon in effect when your adventure ended. You had 43 experience points, 37 more were needed to attain level 4. Basics: You had 0 out of 15 hit points. You had 24 out of 31 energy points (spell power). Your armor class was 8. Your wallet contained 21 zorkmids. Autopickup was on for '$!?/"=+' plus thrown, with exceptions. Final Characteristics: Your strength was 9 (limit:18/50). Your dexterity was 18 (limit:18). Your constitution was 14 (limit:18). Your intelligence was 19 (limit:19). Your wisdom was 11 (limit:18). Your charisma was 8 (limit:18). Final Status: You were hungry. You were unencumbered. You were wielding a quarterstaff. You had basic skill with quarterstaff. Final Attributes: You were fervently aligned. You were magic-protected. You had infravision. You were warded. You are dead. Miscellaneous: You never encountered a bones level. Total elapsed playing time was 3 minutes and 40 seconds. Major events: Turn 1: Raisse the neutral female gnomish Wizard entered the dungeon 916: entered the Gnomish Mines 966: attained the rank of Conjurer (level 3) 986: killed by a hobbit Vanquished creatures: 3 large kobolds a yellow mold 2 geckos a jackal a goblin 2 grid bugs 4 lichens 5 newts 19 creatures vanquished. No species were genocided or became extinct. Voluntary challenges: You followed a strict vegan diet. You were an atheist. You read items or engraved 2 times. You never genocided any monsters. You never polymorphed an object. You never changed form. You never touched an artifact. You used no wishes. You never scared an enemy with impunity. You were celibate. You never generated conflict. Achievements: You entered the Gnomish Mines. You attained the rank of Conjurer. Dungeon overview: The Dungeons of Doom: levels 1 to 2 Level 1: Level 2: Some fountains, a tree. Stairs down to The Gnomish Mines. The Gnomish Mines: levels 3 to 4 Level 3: Level 4: <- You were here. Final resting place for you, killed by a hobbit. Game over: __________ / \ / REST \ / IN \ / PEACE \ / \ | Raisse | | 21 Au | | killed by a | | hobbit | | | | | | 2023 | *| * * * | * _________)/\\_//(\/(/\)/\//\/|_)_______ Goodbye Raisse the Wizard... You died in The Gnomish Mines on dungeon level 4 with 361 points, and 21 pieces of gold, after 986 moves. You were level 3 with a maximum of 15 hit points when you died.